AoeStats
← vortic

Hideout

507489190Analyzed
1v1 RM · 13d ago on Sep 18, 2026· 30m 12s· 2 players
Game mode
Random Map
Map size
Tiny (2 player)
Population
200
Speed
Normal
Resources
Standard
Victory
Conquest
Starting age
Dark Age
Ending age
Imperial Age
RankedLock teamsTeams togetherTeam positionsShared explorationLock speedFull tech treeHidden civsTurbo modeCheats
Victory
Defeat
🇪🇸 Sicilians · Spain
439
+16
🇧🇷 Ethiopians · Brazil
436
-16
vortic
0:52 Loom
11:58 Feudal Age
12:31 Double-Bit Axe
12:28 Horse Collar
13:04 Gold Mining
14:18 Stone Mining
21:58 Castle Age
23:05 Heavy Plow
23:17 Bow Saw
andreipg2017
11:14 Feudal Age
13:41 Double-Bit Axe
13:41 Horse Collar
15:17 Wheelbarrow
16:14 Scale Mail Armor
17:01 Forging
20:02 Fletching
21:32 Padded Archer Armor
27:10 Castle Age
27:25 Town Watch
28:55 Iron Casting
28:35 Chain Mail Armor
Connection lost

Rejoining the realm…

Still unreachable

The connection could not be restored.

Session expired

The server has moved on; the page needs a fresh start.